 Dungeon Crawl Stone Soup version 0.31-a0-1-g4198be8af4 (webtiles) character file.

Game seed: 16856763280217082843

119 ryw the Cudgeller (level 4, -10/35 HPs)
             Began as a Mummy Fighter on May 2, 2023.
             Killed from afar by Ijyb (12 damage)
             ... with a puff of flame
             ... on level 3 of the Dungeon.
             The game lasted 00:03:23 (1550 turns).

ryw the Cudgeller (Mummy Fighter)                   Turns: 1550, Time: 00:03:24

Health: -10/35     AC:  7    Str: 21    XL:     4   Next: 74%
Magic:  4/4        EV:  9    Int:  7    God:
Gold:   44         SH:  4    Dex: 11    Spells: 3/3 levels left

rFire   x . .        a - +0 flail
rCold   + . .        c - +0 buckler
rNeg    + + +        b - +0 scale mail
rPois   ∞            (no helmet)
rElec   .            e - +0 cloak
rCorr   .            (no gloves)
SInv    .            (no boots)
Will    .....        (no amulet) Stlth
                     (no ring)
HPRegen 0.25/turn    (no ring)
MPRegen 0.09/turn

%: faith
@: no status effects
A: cold resistance 1, negative energy resistance 3, torment resistance 2, heat
vulnerability 1, in touch with death 1, no potions, faith
a: no special abilities


You were on level 3 of the Dungeon.
You visited 1 branch of the dungeon, and saw 3 of its levels.

You collected 44 gold pieces.

Inventory:

Hand Weapons
 a - a +0 flail (weapon)
 f - a +0 sling
Missiles
 g - 3 atropa-tipped darts (quivered)
Armour
 b - a +0 scale mail (worn)
 c - a +0 buckler (worn)
 e - a +0 cloak (worn)
Jewellery
 i - a +4 ring of protection
Scrolls
 d - 2 scrolls of identify {unknown}
 h - a scroll of noise {unknown}
 j - a scroll of teleportation {unknown}


   Skills:
 - Level 3.0 Fighting
 + Level 4.1 Maces & Flails
 - Level 2.4 Armour
 - Level 2.4 Shields


You had 3 spell levels left.
You didn't know any spells.
Your spell library was empty.

Dungeon Overview and Level Annotations

Branches:
Dungeon (3/15)

Altars:

Annotations:
D:2 Sigmund
D:3 Ijyb


Innate Abilities, Weirdness & Mutations

You are immune to poison.
Your flesh is cold resistant. (rC+)
You are immune to negative energy. (rN+++)
You are immune to unholy pain and torment.
You are vulnerable to heat. (rF-)
You are in touch with the powers of death.
You do not drink.
You have a special connection with the divine. (Faith)


Message History

HP restored.
Found 7 stones.
Found a golden potion.
Found a stone staircase leading down.
A scorpion comes into view.
Ijyb the Twisted Goblin comes into view.
She is wielding a +2 dagger of electrocution and carrying a wand of flame (16).
Ijyb shouts!
Ijyb zaps a wand.
The puff of flame hits you! The fire burns you terribly!
Throw: 5 darts (atropa)
Press: ? - help, Q - select action Shift-Dir - straight line, f - Ijyb
Aim: Ijyb, wielding a +2 dagger of electrocution, wearing a +0 chain mail and carrying a wand of flame (15) (56% to hit, chance to blind on hit: 75%)
You throw an atropa-tipped dart. The atropa-tipped dart hits Ijyb.
Ijyb appears confused.
Throw: 4 darts (atropa)
Press: ? - help, Q - select action Shift-Dir - straight line, f/p - Ijyb
Aim: Ijyb, wielding a +2 dagger of electrocution, wearing a +0 chain mail and carrying a wand of flame (15) (confused, blind, 76% to hit, chance to blind on hit: 75%)
You throw an atropa-tipped dart. The atropa-tipped dart hits Ijyb.
Ijyb appears confused.
Ijyb seems less confused.
Ijyb hits you but does no damage.
You closely miss Ijyb. Ijyb hits you but does no damage.
You sock Ijyb!
Ijyb is heavily wounded.
Ijyb closely misses you.
Ijyb zaps a wand.
The puff of flame hits you! The fire burns you terribly!
You hit Ijyb.
Ijyb is heavily wounded.
Ijyb barely misses you.
You completely miss Ijyb.
Ijyb is heavily wounded.
Ijyb is no longer blind.
Ijyb hits you but does no damage.
You are electrocuted!
* * * LOW HITPOINT WARNING * * *
You barely miss Ijyb.
Ijyb is heavily wounded.
Ijyb hits you with a +2 dagger of electrocution.
* * * LOW HITPOINT WARNING * * *
You thump Ijyb!
Ijyb is severely wounded.
Ijyb zaps a wand.
The puff of flame hits you! The fire burns you terribly!
You die...

..........###
.............
#....>.......
#...........#
#...........# ##
#...........# #(
#...........# ##g###
#..........##
#..@.###......(...##
#...................
#.....##.........###
#..............!.#
.......#############
...#....# ...#....#
.. #....# #....#


You could see Ijyb.

Vanquished Creatures
  An orc wizard (D:2)
  Robin (D:2)
  4 adders (D:2)
  2 orcs
  4 bats
  2 endoplasms
  A giant cockroach (D:1)
  16 goblins
  A quokka (D:1)
  8 ball pythons
  3 frilled lizards (D:1)
  2 kobolds (D:1)
  2 rats
47 creatures vanquished.

Notes
Turn   | Place    | Note
-------+----------+-------------------------------------------
     0 | D:1      | ryw the Mummy Fighter began the quest for the Orb.
     0 | D:1      | Reached XP level 1. HP: 18/18 MP: 1/1
   124 | D:1      | Reached skill level 2 in Maces & Flails
   290 | D:1      | Reached XP level 2. HP: 20/24 MP: 2/2
   927 | D:2      | Reached skill level 3 in Maces & Flails
   927 | D:2      | Gained mutation: You are in touch with the powers of death.
                  | [Mummy growth]
   927 | D:2      | Reached XP level 3. HP: 27/29 MP: 3/3
   944 | D:2      | Noticed Sigmund
  1149 | D:3      | Found a faded altar of an unknown god.
  1152 | D:3      | Noticed Robin
  1292 | D:2      | Reached XP level 4. HP: 30/35 MP: 4/4
  1412 | D:2      | Reached skill level 4 in Maces & Flails
  1429 | D:2      | Killed Robin
  1520 | D:3      | Noticed a scorpion
  1539 | D:3      | Noticed Ijyb
  1549 | D:3      | HP: 1/35 [Ijyb/+2 dagger of electrocution (5)]
  1550 | D:3      | Killed from afar by Ijyb

Illustrated notes

Levels and vault maps discovered:
D:1:      nicolae_arrival_somewhat_less_tricky_arrival, layout_loops_ring
D:2:      layout_basic, serial_shops, nicolae_shop_dealshenge, shop,
          amethyst_killhole, uniq_sigmund
D:3:      layout_rooms, hellmonk_ecumenical_altar_pennies_from_heaven,
          chequers_serial_rivers_small_3, uniq_natasha, uniq_ijyb, uniq_robin,
          uniq_jessica

Skill      XL: |  1  2  3  4 |
---------------+-------------+-----
Maces & Flails | 2 3 4 |  4.1
Fighting       | |  3.0
Armour         | |  2.4
Shields        | |  2.4

Action                     |  1- 3 |  4- 6 || total
---------------------------+-------+-------++-------
  Melee: Flail             |   145 |    41 ||   186
  Throw: Dart              |       |     2 ||     2
 Armour: Scale mail        |    90 |    21 ||   111
  Dodge: Dodged            |    98 |    27 ||   125
  Block: Buckler           |    31 |     9 ||    40

Table legend: (Time is in decaauts)
 A = Elapsed time spent in this place.
 B = Non-inter-level travel time spent in this place.
 C = Inter-level travel time spent in this place.
 D = Time resting spent in this place.
 E = Time spent auto-exploring this place.
 F = Levels seen in this place.
 G = Mean time per level.
                   A        B        C        D        E       F      G
               +--------+--------+--------+--------+--------+-----+--------+
         Total |   1612 |   1550 |     62 |    277 |    747 |   3 |  537.3 |
       Dungeon |   1612 |   1550 |     62 |    277 |    747 |   3 |  537.3 |
               +--------+--------+--------+--------+--------+-----+--------+

Top non-repeatable levels by time:
     D:1: 975 daAuts
     D:2: 485 daAuts
     D:3: 151 daAuts
